 Dungeon Crawl Stone Soup version 0.21-a0-401-g0b6bec4 (webtiles) character file.

179 TheGoonsmith the Magician (level 5, -10/28 HPs)
             Began as a Deep Elf Wizard on Oct 23, 2017.
             Killed by divine providence
             ... invoked by an orc priest
              (12 damage)
             ... on level 3 of the Dungeon.
             The game lasted 00:04:03 (2849 turns).

TheGoonsmith the Magician (Deep Elf Wizard)         Turns: 2849, Time: 00:04:04

Health: -10/28     AC:  3    Str:  4    XL:     5   Next: 32%
Magic:  9/15       EV: 13    Int: 23    God:
Gold:   83         SH:  0    Dex: 14    Spells: 4/15 levels left

rFire    . . .     SeeInvis .   e - +0 whip
rCold    . . .     Gourm    .   (no shield)
rNeg     . . .     Faith    .   a - +0 robe
rPois    .         Spirit   .   b - +0 hat
rElec    .         Reflect  .   s - +0 cloak
rCorr    .         Harm     .   (no gloves)
MR       .....                  (no boots)
Stlth    ++........             (no amulet)
HPRegen  0.09/turn              (no ring)
MPRegen  0.14/turn              (no ring)

@: no status effects
A: no striking features
a: no special abilities


You were on level 3 of the Dungeon.
You were hungry.

You visited 1 branch of the dungeon, and saw 3 of its levels.

You collected 83 gold pieces.

Inventory:

Hand Weapons
 e - a +0 whip (weapon)
Armour
 a - a +0 robe (worn)
 b - a +0 hat (worn)
 s - a +0 cloak (worn)
Wands
 r - a wand of random effects (15/48)
Scrolls
 f - a scroll of magic mapping {unknown}
 h - 2 scrolls of identify {unknown}
 j - 3 scrolls of remove curse {unknown}
 l - 2 scrolls of enchant armour {unknown}
 m - a scroll of teleportation {unknown}
 o - a scroll of recharging {unknown}
 p - a scroll of blinking {unknown}
 t - a scroll of enchant weapon {unknown}
 v - a scroll of fear {unknown}
Potions
 k - a potion of curing
 n - a potion of heal wounds {unknown}
 q - a potion of flight {unknown}
Books
 c - a book of Minor Magic

   Spells                             Type                      Level
   a - Magic Dart                     Conjuration                  1
   b - Blink                          Translocation                2
   c - Call Imp                       Summoning                    2
   d - Slow                           Hexes                        2
   e - Conjure Flame                  Conjuration/Fire             3
   f - Mephitic Cloud                 Conjuration/Poison/Air       3
Comestibles
 d - a bread ration
 g - 4 meat rations
 i - a fruit
 u - a royal jelly


   Skills:
 - Level 2.4 Dodging
 - Level 2.4 Stealth
 + Level 5.9 Spellcasting
 * Level 4.7 Conjurations
 - Level 1.1 Summonings
 - Level 1.1 Translocations


You had 4 spell levels left.
You knew the following spells:

 Your Spells              Type           Power        Failure   Level  Hunger
a - Magic Dart            Conj           ####         1%          1    None
b - Blink                 Tloc           N/A          9%          2    None
c - Conjure Flame         Conj/Fire      ###.....     10%         3    #......
d - Call Imp              Summ           ##......     9%          2    None
x - Mephitic Cloud        Conj/Pois/Air  ##......     13%         3    #......


Dungeon Overview and Level Annotations

Branches:
Dungeon (3/15)

Altars:

Annotations:
D:3 RexxRaptorr's ghost, amateur DrAr


Message History

The orc priest is heavily wounded.
Casting: Magic Dart
Confirm with . or Enter, or press ? or * to list all spells.
Aiming: Magic Dart
Press: ? - help, Shift-Dir - straight line, f/p - orc priest
Aim: an orc priest, wearing a scale mail (heavily wounded)
The magic dart hits the orc priest.
The orc priest is heavily wounded.
The orc priest hits you.
* * * LOW HITPOINT WARNING * * *
Casting: Magic Dart
Confirm with . or Enter, or press ? or * to list all spells.
Aiming: Magic Dart
Press: ? - help, Shift-Dir - straight line, f/p - orc priest
Aim: an orc priest, wearing a scale mail (heavily wounded)
The magic dart hits the orc priest.
The orc priest is severely wounded.
The orc priest calls down the wrath of Beogh upon you.
Beogh smites you!
You die...

##... ##..#..#.# .....
#.....<#.###### #...#
#....#.........
....###......#.######
## #..##.#+##.#.### ..
#...>...÷...[.# #.
#..#.#.##.###÷#
#%#.#..#.#.##.# #.#
#..†@.#.#.##.###.####
#$#.#o##..............
#. #.####.##.####.###
.. #.# #.##.# #.# ##
..# #....# #.# .## ...
###o### . +...o.. ##
.###.### .......<


You could see an orc priest.

Vanquished Creatures
  Crazy Yiuf (D:2)
  An orc wizard (D:3)
  A gnoll (D:3)
  2 adders
  An ooze (D:1)
  3 worms (D:2)
  2 dart slugs
  3 leopard geckos
  An orc (D:2)
  4 giant cockroaches
  7 hobgoblins
  2 quokkas (D:2)
  A ball python (D:1)
  10 bats
  7 frilled lizards
  14 goblins
  8 kobolds
  7 rats
75 creatures vanquished.

Notes
Turn   | Place    | Note
-------+----------+-------------------------------------------
     0 | D:1      | TheGoonsmith the Deep Elf Wizard began the quest for the Orb.
     0 | D:1      | Reached XP level 1. HP: 10/10 MP: 7/7
   167 | D:1      | Reached XP level 2. HP: 15/15 MP: 2/9
   587 | D:1      | Reached XP level 3. HP: 19/19 MP: 8/11
   591 | D:1      | Learned a level 2 spell: Blink
   595 | D:1      | Learned a level 3 spell: Conjure Flame
   599 | D:1      | Learned a level 3 spell: Mephitic Cloud
   602 | D:1      | Learned a level 2 spell: Call Imp
   689 | D:1      | Reached skill level 5 in Spellcasting
  1551 | D:2      | Reached XP level 4. HP: 24/24 MP: 11/13
  2131 | D:2      | Found a runed door.
  2135 | D:2      | Noticed Crazy Yiuf
  2173 | D:2      | Killed Crazy Yiuf
  2368 | D:3      | Reached XP level 5. HP: 21/28 MP: 6/15
  2508 | D:3      | Noticed RexxRaptorr's ghost (amateur DrAr)
  2849 | D:3      | Killed from afar by an orc priest

Vault maps used:
D:1:      mrwooster_arrival_arrow, minmay_pentomino_p4
D:2:      minmay_diamond_boxcup, uniq_crazy_yiuf_cottage
D:3:      first_bread, serial_bayou_pond_b, minmay_box_of_dots

Skill      XL: |  1  2  3  4 |
---------------+-------------+-----
Conjurations   | 2 3 4 |  4.7
Spellcasting   | 5 |  5.9
Dodging        | |  2.4
Stealth        | |  2.4
Summonings     | |  1.1
Translocations | |  1.1

Action                   |  1- 3 |  4- 6 || total
-------------------------+-------+-------++-------
Melee: Whip              |     5 |       ||     5
 Cast: Magic Dart        |   119 |    73 ||   192
       Mephitic Cloud    |       |     2 ||     2
       Conjure Flame     |       |     1 ||     1
  Eat: Chunk             |     2 |     3 ||     5
Armor: Robe              |     2 |       ||     2
Dodge: Dodged            |    17 |     8 ||    25

Table legend:
 A = Spawn XP
 B = Non-spawn XP
 C = Spawn XP percentage of total XP
 D = Spawn monster count
 E = Non-spawn monster count
 F = Spawn count percentage of total count
 G = Total turns spent on level
                    A         B        C        D         E        F      G
               +---------+---------+-------+---------+---------+-------+---------
         Total |       0 |     256 |   0.0 |       0 |      75 |   0.0 |  2849
               +---------+---------+-------+---------+---------+-------+---------
           D:1 |       0 |      58 |   0.0 |       0 |      33 |   0.0 |  1105
           D:2 |       0 |     118 |   0.0 |       0 |      33 |   0.0 |  1503
           D:3 |       0 |      80 |   0.0 |       0 |       9 |   0.0 |   241
               +---------+---------+-------+---------+---------+-------+---------
